 Dungeon Crawl Stone Soup version 0.21-a0-513-gdcb3f5e (webtiles) character file.

107 kibaces the Conjurer (level 4, -3/33 HPs)
             Began as a Draconian Conjurer on Dec 1, 2017.
             Killed by divine providence
             ... invoked by an orc priest
              (12 damage)
             ... on level 3 of the Dungeon.
             The game lasted 00:15:52 (3541 turns).

kibaces the Conjurer (Draconian Conjurer)           Turns: 3541, Time: 00:15:53

Health: -3/33      AC:  5    Str: 10    XL:     4   Next: 56%
Magic:  0/8        EV: 12    Int: 16    God:
Gold:   137        SH:  0    Dex: 12    Spells: 5/9 levels left

rFire    . . .     SeeInvis .   (no weapon)
rCold    . . .     Gourm    .   (no shield)
rNeg     . . .     Faith    .   (armour unavailable)
rPois    .         Spirit   +   (helmet restricted)
rElec    .         Reflect  .   o - scarf {Spirit}
rCorr    .         Harm     .   (no gloves)
MR       .....                  (no boots)
Stlth    +++.......             (no amulet)
HPRegen  0.11/turn              f - ring of wizardry
MPRegen  0.11/turn              s - ring of stealth

@: no status effects
A: unfitting armour, cold-blooded, AC +5
a: no special abilities


You were on level 3 of the Dungeon.
You were not hungry.

You visited 1 branch of the dungeon, and saw 4 of its levels.

You collected 137 gold pieces.

Inventory:

Armour
 o - a scarf of spirit shield (worn)
Jewellery
 f - a ring of wizardry (left hand)
 s - a ring of stealth (right hand)
Scrolls
 c - 4 scrolls of identify {unknown}
 i - a scroll of amnesia {unknown}
 j - a scroll of immolation {unknown}
 m - 4 scrolls of remove curse {unknown}
 p - 3 scrolls of teleportation {unknown}
 u - 3 scrolls of enchant armour {unknown}
Potions
 d - a potion of flight {unknown}
 e - 3 potions of curing {unknown}
 h - 3 potions of might {unknown}
 k - 2 potions of mutation {unknown}
 n - a potion of haste {unknown}
 q - a potion of magic {unknown}
 r - a potion of ambrosia {unknown}
 t - a potion of resistance {unknown}
Books
 a - a book of Conjurations

   Spells                             Type                      Level
   a - Magic Dart                     Conjuration                  1
   b - Searing Ray                    Conjuration                  2
   c - Dazzling Spray                 Conjuration/Hexes            3
   d - Fulminant Prism                Conjuration/Hexes            4
   e - Force Lance                    Conjuration/Translocation    4
   f - Iskenderun's Mystic Blast      Conjuration                  4
Comestibles
 b - 3 bread rations
 g - 6 meat rations


   Skills:
 + Level 1.8 Dodging
 + Level 2.2 Stealth
 + Level 3.0 Spellcasting
 + Level 5.2 Conjurations


You had 5 spell levels left.
You knew the following spells:

 Your Spells              Type           Power        Failure   Level  Hunger
a - Magic Dart            Conj           ###.         1%          1    #......
b - Dazzling Spray        Conj/Hex       ##....       8%          3    ###....


Dungeon Overview and Level Annotations

Branches:
Dungeon (4/15)
 Temple: D:4-7

Altars:
Cheibriados

Annotations:
D:3 Grinder


Innate Abilities, Weirdness & Mutations

Your plain brown scales are hard. (AC +5)
You cannot fit into any form of body armour.
You are cold-blooded and may be slowed by cold attacks.


Message History

Press: ? - help, Shift-Dir - straight line, f/p - orc priest
Aim: an orc priest (severely wounded)
The magic dart hits the orc priest.
The orc priest is severely wounded.
The orc priest closely misses you.
Casting: Magic Dart
Confirm with . or Enter, or press ? or * to list all spells.
Aiming: Magic Dart
Press: ? - help, Shift-Dir - straight line, f/p - orc priest
Aim: an orc priest (severely wounded)
The magic dart hits the orc priest.
The orc priest is severely wounded.
The orc priest invokes the aid of Beogh against you.
Beogh smites you!
* * * LOW HITPOINT WARNING * * *
The orc priest hits you but does no damage.
The orc priest barely misses you.
The orc priest invokes the aid of Beogh against you.
Beogh smites you!
You die...

..............##.#....#
.....#######.###.#....#
.....# #..##.#....#
###.## ##.##.###### #.#
#.##.# ###.######
#.##.# .........#
#)##.#
.........####..#.#
.........##.....@#
###.#######.##.#.#
.##.#######.##..o#
.##.#.......###..#
......####......>#
.#....# #.#######
.#....# #.# ##.)..# #.#
#....####.#


You could see an orc priest.

Vanquished Creatures
  5 adders
  An ooze (D:1)
  2 orcs
  5 giant cockroaches
  4 hobgoblins
  2 jackals (D:2)
  A quokka (D:3)
  5 bats
  6 frilled lizards
  8 goblins
  6 kobolds
  A leopard gecko skeleton (D:3)
  10 rats
56 creatures vanquished.

Notes
Turn   | Place    | Note
-------+----------+-------------------------------------------
     0 | D:1      | kibaces the Draconian Conjurer began the quest for the Orb.
     0 | D:1      | Reached XP level 1. HP: 14/14 MP: 3/3
   377 | D:1      | Reached XP level 2. HP: 20/20 MP: 0/5
  1377 | D:2      | Reached XP level 3. HP: 26/26 MP: 0/6
  1745 | D:2      | Learned a level 3 spell: Dazzling Spray
  1793 | D:2      | Reached skill level 5 in Conjurations
  1867 | D:2      | Reached XP level 4. HP: 33/33 MP: 3/7
  2352 | D:3      | Noticed Grinder
  2916 | D:3      | Found a snail-covered altar of Cheibriados.
  3541 | D:3      | Killed from afar by an orc priest

Vault maps used:
D:1:      grunt_arrival_crossed_arrows, kennysheep_boxes
D:2:      first_bread
D:3:      cheibriados_altar_1, uniq_grinder
D:4:      minmay_temple_entry_purple_smoke, serial_shops, shop_fountains

Skill      XL: |  1  2  3  4 |
---------------+-------------+-----
Stealth        | 2 |  2.2
Conjurations   | 5 |  5.2
Spellcasting   | 3 |  3.0
Dodging        | |  1.8

Action                   |  1- 3 |  4- 6 || total
-------------------------+-------+-------++-------
 Cast: Magic Dart        |    77 |    53 ||   130
       Dazzling Spray    |       |     2 ||     2
  Eat: Chunk             |     4 |     1 ||     5
       Meat ration       |       |     1 ||     1
Armor: Skin              |     9 |     4 ||    13
Dodge: Dodged            |    13 |     6 ||    19

Table legend:
 A = Spawn XP
 B = Non-spawn XP
 C = Spawn XP percentage of total XP
 D = Spawn monster count
 E = Non-spawn monster count
 F = Spawn count percentage of total count
 G = Total turns spent on level
                    A         B        C        D         E        F      G
               +---------+---------+-------+---------+---------+-------+---------
         Total |       0 |     153 |   0.0 |       0 |      56 |   0.0 |  3541
               +---------+---------+-------+---------+---------+-------+---------
           D:1 |       0 |      42 |   0.0 |       0 |      17 |   0.0 |  1278
           D:2 |       0 |      73 |   0.0 |       0 |      24 |   0.0 |  1298
           D:3 |       0 |      18 |   0.0 |       0 |      11 |   0.0 |   835
           D:4 |       0 |      20 |   0.0 |       0 |       4 |   0.0 |   130
               +---------+---------+-------+---------+---------+-------+---------
